 Dungeon Crawl Stone Soup version 0.31-a0-728-g01b46875f1 (webtiles) character file.

Game seed: 1237770750257518875

5 demibob the Cudgeller (level 1, -2/19 HPs)
             Began as a Minotaur Chaos Knight on Sept 12, 2023.
             Was a Plaything of Xom.
             Frozen to death by an endoplasm (5 damage)
             ... on level 1 of the Dungeon.
             The game lasted 00:00:10 (44 turns).

demibob the Cudgeller (Minotaur Chaos Knight)         Turns: 44, Time: 00:00:11

Health: -2/19      AC:  5    Str: 16    XL:     1   Next: 66%
Magic:  0/0        EV: 11    Int:  9    God:    Xom [..*...]
Gold:   0          SH:  0    Dex:  9    Spells: 0/0 levels left

rFire   . . .        a - +0 mace (chaos)
rCold   . . .        (no shield)
rNeg    . . .        b - +2 leather armour
rPois   .            (helmet restricted)
rElec   .            (no cloak)
rCorr   .            (no gloves)
SInv    .            (no boots)
Will    .....        (no amulet)
Stlth   +            (no ring)
HPRegen 0.23/turn    (no ring)
MPRegen 0.07/turn

%: no passive effects
@: no status effects
A: horns 2, retaliatory headbutt
a: Renounce Religion


You were on level 1 of the Dungeon.
You worshipped Xom.
You were a toy of Xom.
You visited 1 branch of the dungeon, and saw 1 of its levels.


Innate Abilities, Weirdness & Mutations

You have a pair of horns on your head.
You reflexively headbutt those who attack you in melee.


   Skills:
 - Level 3.6 Fighting
 + Level 4.1 Maces & Flails
 - Level 2.4 Armour
 - Level 1.1 Dodging


You couldn't memorise any spells.
You didn't know any spells.
Your spell library was empty.

Inventory:

Hand Weapons
 a - a +0 mace of chaos (weapon)
Armour
 b - a +2 leather armour (worn)
Scrolls
 c - a scroll of butterflies

Dungeon Overview and Level Annotations

Branches:
Dungeon (1/15)

Altars:

..# #.# # . #.# .#
..# #.##. # ....
#.#. .# #..##.. #.#
#.....## ##..#
.#...)..###@#
.......)J.#J######
#.#..####..........
#........########
#.#####....##
####.....######
..........>...#
####.....####.#
#....##


You could see an endoplasm.


Message History

The quokka is almost dead.
The quokka bites you. The endoplasm freezes you.
You are frozen.
* * * LOW HITPOINT WARNING * * *
The endoplasm hits you but does no damage.
The quokka twitches its whiskers.
The quokka bites you but does no damage.
The endoplasm attacks as it pursues you!
The endoplasm closely misses you.
You closely miss the quokka.
The quokka is almost dead.
The quokka bites you.
* * * LOW HITPOINT WARNING * * *
The quokka bites you but does no damage.
You hit the quokka but do no damage.
The quokka is poisoned.
The quokka is almost dead.
You kill the quokka!
The endoplasm freezes you.
You are frozen.
* * * LOW HITPOINT WARNING * * *
Your Maces & Flails skill increases to level 4!
You sock the endoplasm!
You kill the endoplasm!
You hit the endoplasm.
The endoplasm resists with significant effort.
The endoplasm is severely wounded.
The endoplasm freezes you.
You are frozen.
You die...

Skill      XL: |  1 |
---------------+----+-----
Maces & Flails | 4 |  4.1
Fighting       | |  3.6
Armour         | |  2.4
Dodging        | |  1.1

Action                     || total
---------------------------++-------
  Melee: Mace              ||    10
 Armour: Leather armour    ||    10
  Dodge: Dodged            ||     4

Levels and vault maps discovered:
D:1:      pf_arrival_petrified_forest, layout_loops_ring

Notes
Turn   | Place    | Note
-------+----------+-------------------------------------------
     0 | D:1      | demibob the Minotaur Chaos Knight began the quest for the
                  | Orb.
     0 | D:1      | Reached XP level 1. HP: 19/19 MP: 0/0
    43 | D:1      | Reached skill level 4 in Maces & Flails
    44 | D:1      | Frozen to death by an endoplasm

Vanquished Creatures
  An endoplasm (D:1)
  A kobold (D:1)
  A quokka (D:1)
  A frilled lizard (D:1)
  A goblin (D:1)
5 creatures vanquished.

Table legend: (Time is in decaauts)
 A = Elapsed time spent in this place.
 B = Non-inter-level travel time spent in this place.
 C = Inter-level travel time spent in this place.
 D = Time resting spent in this place.
 E = Time spent auto-exploring this place.
 F = Levels seen in this place.
 G = Mean time per level.
                   A        B        C        D        E       F      G
               +--------+--------+--------+--------+--------+-----+--------+
         Total |     46 |     46 |      0 |      0 |     25 |   1 |   46.0 |
       Dungeon |     46 |     46 |      0 |      0 |     25 |   1 |   46.0 |
               +--------+--------+--------+--------+--------+-----+--------+

Top non-repeatable levels by time:
     D:1: 46 daAuts

Table legend:
 A = Non-vault XP
 B = Vault XP
 C = Vault XP percentage of total XP
 D = Non-vault monster count
 E = Vault monster count
 F = Vault count percentage of total count
                 A         B        C        D         E       F
            +---------+---------+-------+---------+---------+-------
      Total |       8 |       0 |   0.0 |       5 |       0 |   0.0
            +---------+---------+-------+---------+---------+-------
        D:1 |       8 |       0 |   0.0 |       5 |       0 |   0.0
            +---------+---------+-------+---------+---------+-------
